Pick #1

Connor Bedard
Pick #2

Leo Carlsson
Pick #3

Adam Fantilli
Pick #4

Matvei Michkov
Pick #5

David Reinbacher
Pick #6

William Smith
Pick #7

Zachary Benson
Pick #8

Ryan Leonard
Pick #9

Gabriel Perreault
Pick #10

Axel Sandin-Pellika
Pick #11

Daniil But
Pick #12

Dalibor Dvorsky
Pick #13

Quentin Musty
Pick #14

Brayden Yager
Pick #15

Dmitry Simashev
Pick #16

Colby Barlow
Pick #17

Andrew Cristall
Pick #18

Easton Cowan
Pick #19

Jacob Fowler
Pick #20

Oliver Moore
Pick #21

Oliver Bonk
Pick #22

Tom Willander
Pick #23

Calum Ritchie
Pick #24

Tanner Molendyk
Pick #25

Gavin Brindley
Pick #26

Nate Danielson
Pick #27

Pick #28

Pick #29

Pick #30

Pick #31

Pick #32

Pick #33

Pick #34

Pick #35

Pick #36

Pick #37

Pick #38

Pick #39

Pick #40

Pick #41

Pick #42

Pick #43

Pick #44

Pick #45

Pick #46

Pick #47

Pick #48

Pick #49

Pick #50

Pick #51

Pick #52

Pick #53

Pick #54

Pick #55

Pick #56

Pick #57

Pick #58

Pick #59

Pick #60

Pick #61

Pick #62

Pick #63

Pick #64

Pick #65

Pick #66

Pick #67

Pick #68

Pick #69

Pick #70

Pick #71

Pick #72

Pick #73

Pick #74

Pick #75

Pick #76

Pick #77

Pick #78

Pick #79

Pick #80

Pick #81

Pick #82

Pick #83

Pick #84

Pick #85

Pick #86

Pick #87

Pick #88

Pick #89

Pick #90

Pick #91

Pick #92

Pick #93

Pick #94

Pick #95

Pick #96

Pick #97

Pick #98

Pick #99

Pick #100

Pick #101

Pick #102

Pick #103

Pick #104

Pick #105

Pick #106

Pick #107

Pick #108

Pick #109

Pick #110

Pick #111

Pick #112

Pick #113

Pick #114

Pick #115

Pick #116

Pick #117

Pick #118

Pick #119

Pick #120

Pick #121

Pick #122

Pick #123

Pick #124

Pick #125

Pick #126

Pick #127

Pick #128

Pick #129

Pick #130

Full Scoreboard »»

Flames vs Kings

Created - March 5, 2024 at 11:45

Goals
1 2 3 T
Flames 2 3 0 5
Kings 3 2 1 6
Shots
1 2 3 T
Flames 9 8 13 30
Kings 10 14 11 35

GoalsPenalties
1st period
1. Kings , Victor Olofsson 8 (Conor Sheary 14, Mattias Ekholm 29) at 6:46
2. Flames , Lawson Crouse 23 (Adam Larsson 39, Jordan Staal 15) at 7:58
3. Flames , Sebastian Aho 29 (Adam Larsson 40, John Tavares 32) at 10:35
4. Kings , Jeff Carter 8 (Evander Kane 22, Nick Jensen 13) at 11:33
5. Kings , Ilya Mikheyev 10 (Rasmus Ristolainen 16) at 14:21
Lawson Crouse (CGY) for High sticking (Minor) at 15:43
Lawson Crouse (CGY) for Holding (Minor) at 19:18
2nd period
6. Kings , Brandon Saad 15 (Ilya Mikheyev 18, Derek Ryan 12) at 4:50
7. Kings , Conor Sheary 14 (Mike Reilly 13) at 6:50
8. Flames , Sebastian Aho 30 (Erik Gudbranson 19, Dmitry Orlov 29) at 13:33
9. Flames , Adam Larsson 8 (Alex Ovechkin 33, Esa Lindell 19) at 17:20
10. Flames , Jared Spurgeon 15 (Sebastian Aho 31, Josh Morrissey 49) at 18:29
John Tavares (CGY) for Tripping (Minor) at 1:44
Alex Ovechkin (CGY) for Roughing (Minor) at 9:48
3rd period
11. Kings , Andrew Mangiapane 14 (Rasmus Ristolainen 17, Jeff Carter 15) at 8:39
Rasmus Ristolainen (LOS) for Hooking (Minor) at 2:28
Mattias Ekholm (LOS) for Tripping (Minor) at 10:29
Alex Ovechkin (CGY) for Roughing (Minor) at 10:29
Adam Larsson (CGY) for Hooking (Minor) at 15:06
Goalie Stats
Antti Raanta (CGY), 17 saves from 19 shots - (0.895), L, 15-7-3, 34:27 minutes
Vitek Vanecek (CGY), 12 saves from 16 shots - (0.750), 24:50 minutes
Karel Vejmelka (LOS), 25 saves from 30 shots - (0.833), W, 9-6-3, 60:00 minutes
3 StarsOfficial
1 - Adam Larsson (CGY)
2 - Sebastian Aho (CGY)
3 - Jeff Carter (LOS)
Referees : Mike Campbell and Shaun Davis
Linesman : Matt MacPherson and Mark Shewchyk
Game Note
Antti Raanta enters game at 4:50 of 2nd period
Finance
Level 1 -- Attendance: 5739 (88.29%) -- Ticket Income $545,205
Level 2 -- Attendance: 5000 (100.00%) -- Ticket Income $375,000
Level 3 -- Attendance: 3203 (91.51%) -- Ticket Income $176,165
Level 4 -- Attendance: 2118 (100.00%) -- Ticket Income $84,720
Luxury Box -- Attendance: 1000 (100.00%) -- Ticket Income $225,000
Game was played at the Staples Center.
Total Attendance: 17060 (94.16%)
Total Ticket Income: $1,406,090
Other Income: $351,522
Total Income: $1,757,612



Team Name Goals Shots Shots Attemp Shots Blocked PIM HIT PP PK FO%
Flames 530621112240 / 1 (0%)053%
Kings 6356884250 / 5 (0%)047%

Flames
Player Name POS G A P +/- PIM HIT SHT SB MP PP MP PP SHT PK MP PK SHT FO% FOT
Adam LarssonD1232291122:450:5403:4400% 0
Alex DeBrincatRW000-1011016:200:5400:0000% 0
Alex OvechkinLW0112424019:111:0500:0000% 0
Dmitry OrlovD011-1020113:210:0000:0000% 0
Erik GudbransonD011-1000017:320:0004:5100% 0
Esa LindellD0112001217:330:0000:2200% 0
Jakub VranaLW000000008:560:5405:580100% 2
Jared SpurgeonD101-2004222:461:0505:0400% 0
John TavaresC0111201016:380:5400:000100% 1
Jordan EberleRW000-1000012:060:0000:000100% 1
Jordan KyrouC000-1016017:331:0500:00045% 22
Jordan StaalC011-1010218:500:0005:42053% 32
Josh MorrisseyD011-2052225:081:0515:4900% 0
Lawson CrouseLW101-1422012:040:0000:0000% 0
Pierre-Edouard BellemareLW000000004:540:0003:5700% 1
Sean KuralyC000-100005:370:0004:13080% 5
Sebastian AhoC2131015117:250:5400:00050% 26
Steven StamkosC000-1003019:211:0500:00050% 6
Kings
Player Name POS G A P +/- PIM HIT SHT SB MP PP MP PP SHT PK MP PK SHT FO% FOT
Andrew MangiapaneLW1012012019:264:4800:0800% 1
Brandon SaadLW1010015018:365:0710:0000% 1
Cole SillingerC000-100004:200:0000:00050% 6
Conor ShearyLW1120033015:000:0000:260100% 1
David SavardD0000012223:514:2811:1100% 0
Derek RyanC0110001019:025:0710:26049% 35
Evander KaneLW0112063018:454:4820:080100% 1
Ilya MikheyevRW1120036018:365:0720:0000% 0
Jason DickinsonC0000000016:540:0001:25053% 19
Jeff CarterC1122018019:114:4810:00039% 28
Josh MansonD000-1040221:205:2700:4800% 0
Kirill MarchenkoRW000-100005:190:0000:000100% 1
Mattias EkholmD0110210022:464:2801:1100% 0
Mike ReillyD0112000115:530:0000:0000% 0
Nick JensenD011-1012121:205:2710:4810% 0
Rasmus RistolainenD0222230214:480:0000:0000% 0
Tyler MotteC000-100006:190:0001:250100% 1
Victor OlofssonLW1010003014:340:0000:0000% 2



Play-by-Play

1st period


0:01 of 1st period - Jeff Carter wins face-off versus Sebastian Aho in neutral zone.
1:49 of 1st period - Shot by Jordan Kyrou.
1:49 of 1st period - Shot Blocked by Nick Jensen.
2:15 of 1st period - Off-side.
2:16 of 1st period - Jason Dickinson wins face-off versus Jordan Staal in neutral zone.
2:29 of 1st period - Shot by Conor Sheary.
2:29 of 1st period - Shot Hit the Post.
2:35 of 1st period - Shot by Conor Sheary.
2:35 of 1st period - Deflect By Victor Olofsson.
2:35 of 1st period - Stopped by Vitek Vanecek without a rebound.
2:36 of 1st period - Jordan Staal wins face-off versus Cole Sillinger in Flames zone.
2:41 of 1st period - David Savard is hit by Lawson Crouse and loses puck.
3:22 of 1st period - Icing by David Savard.
3:23 of 1st period - Cole Sillinger wins face-off versus Jordan Kyrou in Kings zone.
3:27 of 1st period - Icing by David Savard.
3:28 of 1st period - Tyler Motte wins face-off versus Steven Stamkos in Kings zone.
4:01 of 1st period - Off-side.
4:02 of 1st period - Jordan Staal wins face-off versus Jason Dickinson in neutral zone.
4:12 of 1st period - Jason Dickinson is hit by Jordan Staal and loses puck.
4:20 of 1st period - Conor Sheary is hit by Dmitry Orlov.
5:15 of 1st period - Steven Stamkos is hit by Josh Manson and loses puck.
5:23 of 1st period - Icing by Josh Manson.
5:24 of 1st period - Sebastian Aho wins face-off versus Andrew Mangiapane in Kings zone.
5:25 of 1st period - Shot by Alex Ovechkin.
5:25 of 1st period - Stopped by Karel Vejmelka without a rebound.
5:26 of 1st period - Sebastian Aho wins face-off versus Derek Ryan in Kings zone.
5:41 of 1st period - Shot by John Tavares.
5:41 of 1st period - Stopped by Karel Vejmelka without a rebound.
5:42 of 1st period - Jordan Kyrou wins face-off versus Jeff Carter in Kings zone.
5:42 of 1st period - Jordan Kyrou is hit by Josh Manson.
6:00 of 1st period - Shot by Andrew Mangiapane.
6:00 of 1st period - Shot Blocked by Josh Morrissey.
6:17 of 1st period - Josh Morrissey is hit by Josh Manson.
6:34 of 1st period - Icing by Jared Spurgeon.
6:35 of 1st period - Conor Sheary wins face-off versus Jordan Kyrou in Flames zone.
6:44 of 1st period - Shot by Conor Sheary.
6:44 of 1st period - Shot Misses the Net.
6:46 of 1st period - Shot by Conor Sheary.
6:46 of 1st period - Deflect By Victor Olofsson.
6:46 of 1st period - Goal by Victor Olofsson - Flames : 0 - Kings : 1.
6:47 of 1st period - Sebastian Aho wins face-off versus Derek Ryan in neutral zone.
6:51 of 1st period - Icing by Mike Reilly.
6:52 of 1st period - Derek Ryan wins face-off versus Sebastian Aho in Kings zone.
6:52 of 1st period - Derek Ryan is hit by Alex Ovechkin.
7:58 of 1st period - Shot by Lawson Crouse.
7:58 of 1st period - Goal by Lawson Crouse - Flames : 1 - Kings : 1.
7:59 of 1st period - Jason Dickinson wins face-off versus Jordan Kyrou in neutral zone.
8:17 of 1st period - Off-side.
8:18 of 1st period - Jeff Carter wins face-off versus Jordan Staal in neutral zone.
8:31 of 1st period - Esa Lindell is hit by Nick Jensen and loses puck.
8:59 of 1st period - Jordan Eberle is hit by Josh Manson.
9:25 of 1st period - Shot by Conor Sheary.
9:25 of 1st period - Stopped by Vitek Vanecek without a rebound.
9:26 of 1st period - Jordan Kyrou wins face-off versus Brandon Saad in Flames zone.
9:42 of 1st period - Icing by Erik Gudbranson.
9:43 of 1st period - Jordan Kyrou wins face-off versus Victor Olofsson in Flames zone.
10:11 of 1st period - Shot by Jordan Kyrou.
10:11 of 1st period - Shot Blocked by Mike Reilly.
10:35 of 1st period - Shot by Sebastian Aho.
10:35 of 1st period - Goal by Sebastian Aho - Flames : 2 - Kings : 1.
10:36 of 1st period - Sebastian Aho wins face-off versus Derek Ryan in neutral zone.
10:36 of 1st period - Sebastian Aho is hit by Brandon Saad.
11:17 of 1st period - Shot by Brandon Saad.
11:17 of 1st period - Shot Misses the Net.
11:19 of 1st period - Shot by Derek Ryan.
11:19 of 1st period - Shot Misses the Net.
11:33 of 1st period - Shot by Jeff Carter.
11:33 of 1st period - Goal by Jeff Carter - Flames : 2 - Kings : 2.
11:34 of 1st period - Cole Sillinger wins face-off versus Jordan Kyrou in neutral zone.
11:40 of 1st period - Icing by Esa Lindell.
11:41 of 1st period - Jason Dickinson wins face-off versus Jordan Kyrou in Flames zone.
11:41 of 1st period - Jason Dickinson is hit by Adam Larsson.
11:54 of 1st period - Alex DeBrincat is hit by Rasmus Ristolainen and loses puck.
12:01 of 1st period - Shot by Jordan Kyrou.
12:01 of 1st period - Shot Blocked by Rasmus Ristolainen.
12:03 of 1st period - Shot by Jordan Kyrou.
12:03 of 1st period - Stopped by Karel Vejmelka with a rebound.
12:05 of 1st period - Shot by Esa Lindell.
12:05 of 1st period - Shot Misses the Net.
12:07 of 1st period - Shot by Jordan Kyrou.
12:07 of 1st period - Stopped by Karel Vejmelka without a rebound.
12:08 of 1st period - Jeff Carter wins face-off versus Jordan Staal in Kings zone.
14:21 of 1st period - Shot by Ilya Mikheyev.
14:21 of 1st period - Goal by Ilya Mikheyev - Flames : 2 - Kings : 3.
14:22 of 1st period - Steven Stamkos wins face-off versus Jeff Carter in neutral zone.
14:31 of 1st period - Erik Gudbranson is hit by Evander Kane and loses puck.
14:48 of 1st period - Shot by Andrew Mangiapane.
14:48 of 1st period - Shot Hit the Post.
14:58 of 1st period - Shot by Jeff Carter.
14:58 of 1st period - Stopped by Vitek Vanecek without a rebound.
14:59 of 1st period - Derek Ryan wins face-off versus Sebastian Aho in Flames zone.
15:00 of 1st period - Shot by Brandon Saad.
15:00 of 1st period - Stopped by Vitek Vanecek without a rebound.
15:01 of 1st period - Sebastian Aho wins face-off versus Derek Ryan in Flames zone.
15:01 of 1st period - Jared Spurgeon is hit by Ilya Mikheyev and loses puck.
15:23 of 1st period - Icing by Rasmus Ristolainen.
15:24 of 1st period - Jordan Staal wins face-off versus Derek Ryan in Kings zone.
15:25 of 1st period - Shot by Lawson Crouse.
15:25 of 1st period - Stopped by Karel Vejmelka with a rebound.
15:43 of 1st period - Minor Penalty to Lawson Crouse for High sticking.
15:44 of 1st period - Jordan Staal wins face-off versus Jeff Carter in Flames zone.
16:17 of 1st period - Jeff Carter is hit by Josh Morrissey and loses puck.
16:55 of 1st period - David Savard is hit by Josh Morrissey and loses puck.
17:08 of 1st period - Jordan Staal is hit by Ilya Mikheyev and loses puck.
17:19 of 1st period - Shot by Derek Ryan.
17:19 of 1st period - Shot Misses the Net.
17:21 of 1st period - Shot by David Savard.
17:21 of 1st period - Stopped by Vitek Vanecek without a rebound.
17:22 of 1st period - Derek Ryan wins face-off versus Pierre-Edouard Bellemare in Flames zone.
17:35 of 1st period - Shot by Derek Ryan.
17:35 of 1st period - Shot Misses the Net.
17:37 of 1st period - Shot by Brandon Saad.
17:37 of 1st period - Shot Misses the Net.
18:13 of 1st period - Shot by Sebastian Aho.
18:13 of 1st period - Stopped by Karel Vejmelka with a rebound.
18:15 of 1st period - Shot by Sebastian Aho.
18:15 of 1st period - Shot Misses the Net.
18:17 of 1st period - Shot by Alex Ovechkin.
18:17 of 1st period - Shot Misses the Net.
18:19 of 1st period - Shot by Dmitry Orlov.
18:19 of 1st period - Shot Misses the Net.
18:21 of 1st period - Shot by Alex Ovechkin.
18:21 of 1st period - Shot Blocked by Rasmus Ristolainen.
18:23 of 1st period - Shot by Sebastian Aho.
18:23 of 1st period - Deflect By Alex Ovechkin.
18:23 of 1st period - Shot Misses the Net.
18:25 of 1st period - Shot by Sebastian Aho.
18:25 of 1st period - Shot Misses the Net.
18:55 of 1st period - Shot by Steven Stamkos.
18:55 of 1st period - Stopped by Karel Vejmelka without a rebound.
18:56 of 1st period - Jordan Staal wins face-off versus Jeff Carter in Kings zone.
19:18 of 1st period - Minor Penalty to Lawson Crouse for Holding.
19:19 of 1st period - Jordan Staal wins face-off versus Derek Ryan in Flames zone.
19:42 of 1st period - Shot by Ilya Mikheyev.
19:42 of 1st period - Stopped by Vitek Vanecek without a rebound.
19:43 of 1st period - Sean Kuraly wins face-off versus Jeff Carter in Flames zone.
19:43 of 1st period - Adam Larsson is hit by Evander Kane and loses puck.
19:52 of 1st period - Shot by Andrew Mangiapane.
19:52 of 1st period - Shot Misses the Net.
19:54 of 1st period - Shot by Evander Kane.
19:54 of 1st period - Stopped by Vitek Vanecek without a rebound.
19:55 of 1st period - Jordan Staal wins face-off versus Derek Ryan in Flames zone.
Goals for this period are 2 for Flames vs 3 for Kings.
Shots for this period are 9 for Flames vs 10 for Kings.

2nd period


0:01 of 2nd period - Derek Ryan wins face-off versus Jordan Staal in neutral zone.
0:18 of 2nd period - Shot by Derek Ryan.
0:18 of 2nd period - Stopped by Vitek Vanecek without a rebound.
0:19 of 2nd period - Jakub Vrana wins face-off versus Jeff Carter in Flames zone.
0:19 of 2nd period - Jakub Vrana is hit by Evander Kane.
0:39 of 2nd period - Shot by Jeff Carter.
0:39 of 2nd period - Stopped by Vitek Vanecek without a rebound.
0:40 of 2nd period - Jordan Staal wins face-off versus Derek Ryan in Flames zone.
1:05 of 2nd period - Shot by Brandon Saad.
1:05 of 2nd period - Deflect By Ilya Mikheyev.
1:05 of 2nd period - Stopped by Vitek Vanecek without a rebound.
1:06 of 2nd period - Sean Kuraly wins face-off versus Jeff Carter in Flames zone.
1:11 of 2nd period - Sean Kuraly is hit by Andrew Mangiapane and loses puck.
1:34 of 2nd period - Shot by Steven Stamkos.
1:34 of 2nd period - Shot Misses the Net.
1:38 of 2nd period - Shot by Steven Stamkos.
1:38 of 2nd period - Deflect By Jordan Kyrou.
1:38 of 2nd period - Stopped by Karel Vejmelka without a rebound.
1:39 of 2nd period - Derek Ryan wins face-off versus Sebastian Aho in Kings zone.
1:39 of 2nd period - Derek Ryan is hit by Alex Ovechkin.
1:44 of 2nd period - Minor Penalty to John Tavares for Tripping.
1:45 of 2nd period - Jakub Vrana wins face-off versus Derek Ryan in Flames zone.
2:14 of 2nd period - Off-side.
2:15 of 2nd period - Jordan Staal wins face-off versus Jeff Carter in neutral zone.
2:40 of 2nd period - Josh Morrissey is hit by Evander Kane and loses puck.
2:55 of 2nd period - Adam Larsson is hit by Evander Kane and loses puck.
3:41 of 2nd period - Shot by Ilya Mikheyev.
3:41 of 2nd period - Deflect By Brandon Saad.
3:41 of 2nd period - Stopped by Vitek Vanecek without a rebound.
3:42 of 2nd period - Derek Ryan wins face-off versus Sean Kuraly in Flames zone.
4:01 of 2nd period - Jason Dickinson is hit by Alex DeBrincat and loses puck.
4:45 of 2nd period - Icing by John Tavares.
4:46 of 2nd period - Derek Ryan wins face-off versus Sebastian Aho in Flames zone.
4:46 of 2nd period - Derek Ryan is hit by Adam Larsson.
4:48 of 2nd period - Shot by Ilya Mikheyev.
4:48 of 2nd period - Stopped by Vitek Vanecek with a rebound.
4:50 of 2nd period - Shot by Brandon Saad.
4:50 of 2nd period - Goal by Brandon Saad - Flames : 2 - Kings : 4.
4:50 of 2nd period - Antti Raanta enters game.
4:51 of 2nd period - Derek Ryan wins face-off versus Jordan Staal in neutral zone.
5:00 of 2nd period - Shot by Ilya Mikheyev.
5:00 of 2nd period - Shot Blocked by Adam Larsson.
5:03 of 2nd period - Icing by Esa Lindell.
5:04 of 2nd period - Jeff Carter wins face-off versus Jordan Staal in Flames zone.
5:12 of 2nd period - Shot by Andrew Mangiapane.
5:12 of 2nd period - Stopped by Antti Raanta without a rebound.
5:13 of 2nd period - Sebastian Aho wins face-off versus Derek Ryan in Flames zone.
5:30 of 2nd period - Shot by Ilya Mikheyev.
5:30 of 2nd period - Shot Misses the Net.
6:34 of 2nd period - Shot by Alex DeBrincat.
6:34 of 2nd period - Shot Misses the Net.
6:36 of 2nd period - Shot by Alex DeBrincat.
6:36 of 2nd period - Stopped by Karel Vejmelka without a rebound.
6:37 of 2nd period - Jordan Staal wins face-off versus Jason Dickinson in Kings zone.
6:50 of 2nd period - Shot by Conor Sheary.
6:50 of 2nd period - Goal by Conor Sheary - Flames : 2 - Kings : 5.
6:51 of 2nd period - Jordan Kyrou wins face-off versus Jeff Carter in neutral zone.
6:58 of 2nd period - Shot by Jordan Kyrou.
6:58 of 2nd period - Shot Blocked by Josh Manson.
7:12 of 2nd period - Shot by Jeff Carter.
7:12 of 2nd period - Stopped by Antti Raanta without a rebound.
7:13 of 2nd period - Jason Dickinson wins face-off versus Sebastian Aho in Flames zone.
7:13 of 2nd period - Victor Olofsson is hit by Josh Morrissey and loses puck.
7:41 of 2nd period - Shot by Alex Ovechkin.
7:41 of 2nd period - Stopped by Karel Vejmelka without a rebound.
7:42 of 2nd period - Jeff Carter wins face-off versus Jordan Kyrou in Kings zone.
7:42 of 2nd period - Jeff Carter is hit by Jordan Kyrou.
7:50 of 2nd period - Josh Manson is hit by Adam Larsson and loses puck.
8:00 of 2nd period - Andrew Mangiapane is hit by Adam Larsson and loses puck.
8:10 of 2nd period - Evander Kane is hit by Adam Larsson and loses puck.
8:55 of 2nd period - Shot by Sebastian Aho.
8:55 of 2nd period - Stopped by Karel Vejmelka without a rebound.
8:56 of 2nd period - Cole Sillinger wins face-off versus Jordan Staal in Kings zone.
9:48 of 2nd period - Minor Penalty to Alex Ovechkin for Roughing.
9:49 of 2nd period - Sean Kuraly wins face-off versus Derek Ryan in Flames zone.
10:17 of 2nd period - Icing by Brandon Saad.
10:18 of 2nd period - Jordan Staal wins face-off versus Derek Ryan in Kings zone.
10:29 of 2nd period - Shot by Ilya Mikheyev.
10:29 of 2nd period - Shot Blocked by Jordan Staal.
10:31 of 2nd period - Shot by Josh Manson.
10:31 of 2nd period - Shot Hit the Post.
10:35 of 2nd period - Shot by Derek Ryan.
10:35 of 2nd period - Shot Misses the Net.
12:29 of 2nd period - Steven Stamkos is hit by Rasmus Ristolainen and loses puck.
13:33 of 2nd period - Shot by Sebastian Aho.
13:33 of 2nd period - Goal by Sebastian Aho - Flames : 3 - Kings : 5.
13:34 of 2nd period - Jordan Eberle wins face-off versus Derek Ryan in neutral zone.
14:18 of 2nd period - Shot by Ilya Mikheyev.
14:18 of 2nd period - Stopped by Antti Raanta without a rebound.
14:19 of 2nd period - Sebastian Aho wins face-off versus Jeff Carter in Flames zone.
14:54 of 2nd period - Icing by Rasmus Ristolainen.
14:55 of 2nd period - Jeff Carter wins face-off versus Jordan Kyrou in Kings zone.
15:10 of 2nd period - Shot by Jeff Carter.
15:10 of 2nd period - Stopped by Antti Raanta without a rebound.
15:11 of 2nd period - Derek Ryan wins face-off versus Jordan Staal in Flames zone.
15:12 of 2nd period - Shot by Brandon Saad.
15:12 of 2nd period - Stopped by Antti Raanta without a rebound.
15:13 of 2nd period - Derek Ryan wins face-off versus Sebastian Aho in Flames zone.
15:28 of 2nd period - Derek Ryan is hit by Sebastian Aho and loses puck.
15:40 of 2nd period - Icing by Brandon Saad.
15:41 of 2nd period - Derek Ryan wins face-off versus Jordan Kyrou in Kings zone.
15:54 of 2nd period - Shot by Ilya Mikheyev.
15:54 of 2nd period - Stopped by Antti Raanta without a rebound.
15:55 of 2nd period - Jeff Carter wins face-off versus Jordan Staal in Flames zone.
16:08 of 2nd period - Shot by Evander Kane.
16:08 of 2nd period - Shot Blocked by Jordan Staal.
16:36 of 2nd period - Shot by Jeff Carter.
16:36 of 2nd period - Shot Hit the Post.
16:52 of 2nd period - Shot by Conor Sheary.
16:52 of 2nd period - Stopped by Antti Raanta without a rebound.
16:53 of 2nd period - Derek Ryan wins face-off versus Sebastian Aho in Flames zone.
17:14 of 2nd period - Shot by Esa Lindell.
17:14 of 2nd period - Stopped by Karel Vejmelka with a rebound.
17:18 of 2nd period - Shot by Alex Ovechkin.
17:18 of 2nd period - Shot Misses the Net.
17:20 of 2nd period - Shot by Adam Larsson.
17:20 of 2nd period - Goal by Adam Larsson - Flames : 4 - Kings : 5.
17:21 of 2nd period - Jason Dickinson wins face-off versus Jordan Kyrou in neutral zone.
17:49 of 2nd period - Icing by Dmitry Orlov.
17:50 of 2nd period - Jordan Kyrou wins face-off versus Jeff Carter in Flames zone.
17:56 of 2nd period - Icing by Dmitry Orlov.
17:57 of 2nd period - Jordan Kyrou wins face-off versus Jeff Carter in Flames zone.
18:03 of 2nd period - Off-side.
18:04 of 2nd period - Derek Ryan wins face-off versus Sebastian Aho in neutral zone.
18:07 of 2nd period - Shot by Brandon Saad.
18:07 of 2nd period - Shot Blocked by Josh Morrissey.
18:27 of 2nd period - Shot by Sebastian Aho.
18:27 of 2nd period - Shot Misses the Net.
18:29 of 2nd period - Shot by Jared Spurgeon.
18:29 of 2nd period - Goal by Jared Spurgeon - Flames : 5 - Kings : 5.
18:30 of 2nd period - Jeff Carter wins face-off versus Jordan Kyrou in neutral zone.
18:33 of 2nd period - Alex DeBrincat is hit by Evander Kane and loses puck.
19:00 of 2nd period - Shot by Jeff Carter.
19:00 of 2nd period - Shot Misses the Net.
19:14 of 2nd period - Shot by Alex DeBrincat.
19:14 of 2nd period - Shot Blocked by David Savard.
Goals for this period are 3 for Flames vs 2 for Kings.
Shots for this period are 8 for Flames vs 14 for Kings.

3rd period


0:01 of 3rd period - Sebastian Aho wins face-off versus Jason Dickinson in neutral zone.
0:08 of 3rd period - Shot by John Tavares.
0:08 of 3rd period - Deflect By Alex Ovechkin.
0:08 of 3rd period - Shot Misses the Net.
0:10 of 3rd period - Shot by Jared Spurgeon.
0:10 of 3rd period - Stopped by Karel Vejmelka without a rebound.
0:11 of 3rd period - Jordan Staal wins face-off versus Jeff Carter in Kings zone.
1:34 of 3rd period - Off-side.
1:35 of 3rd period - Jordan Kyrou wins face-off versus Jason Dickinson in neutral zone.
2:07 of 3rd period - Shot by Jordan Kyrou.
2:07 of 3rd period - Stopped by Karel Vejmelka without a rebound.
2:08 of 3rd period - Derek Ryan wins face-off versus Sebastian Aho in Kings zone.
2:28 of 3rd period - Minor Penalty to Rasmus Ristolainen for Hooking.
2:29 of 3rd period - Jason Dickinson wins face-off versus Sebastian Aho in Kings zone.
2:50 of 3rd period - Shot by Sebastian Aho.
2:50 of 3rd period - Shot Blocked by David Savard.
3:09 of 3rd period - Icing by Adam Larsson.
3:10 of 3rd period - Jason Dickinson wins face-off versus Sebastian Aho in Flames zone.
3:10 of 3rd period - Jason Dickinson is hit by Adam Larsson.
3:20 of 3rd period - Shot by Tyler Motte.
3:20 of 3rd period - Shot Misses the Net.
3:22 of 3rd period - Shot by Nick Jensen.
3:22 of 3rd period - Stopped by Antti Raanta without a rebound.
3:23 of 3rd period - Jason Dickinson wins face-off versus Steven Stamkos in Flames zone.
3:25 of 3rd period - Tyler Motte is hit by Josh Morrissey.
3:35 of 3rd period - Shot by Josh Morrissey.
3:35 of 3rd period - Stopped by Karel Vejmelka without a rebound.
3:36 of 3rd period - Steven Stamkos wins face-off versus Derek Ryan in Kings zone.
3:37 of 3rd period - Shot by Alex Ovechkin.
3:37 of 3rd period - Shot Misses the Net.
3:57 of 3rd period - Shot by Jared Spurgeon.
3:57 of 3rd period - Shot Misses the Net.
4:35 of 3rd period - Shot by Ilya Mikheyev.
4:35 of 3rd period - Deflect By Brandon Saad.
4:35 of 3rd period - Shot Misses the Net.
4:37 of 3rd period - Shot by Mike Reilly.
4:37 of 3rd period - Shot Misses the Net.
4:52 of 3rd period - Lawson Crouse is hit by Rasmus Ristolainen and loses puck.
5:01 of 3rd period - Brandon Saad is hit by Lawson Crouse and loses puck.
5:12 of 3rd period - Jordan Staal is hit by Ilya Mikheyev and loses puck.
5:36 of 3rd period - Jeff Carter is hit by Dmitry Orlov and loses puck.
6:04 of 3rd period - Icing by Jeff Carter.
6:05 of 3rd period - Jordan Kyrou wins face-off versus Jeff Carter in Kings zone.
6:05 of 3rd period - Jordan Kyrou is hit by David Savard.
6:11 of 3rd period - Shot by Alex DeBrincat.
6:11 of 3rd period - Shot Misses the Net.
7:09 of 3rd period - Shot by Alex Ovechkin.
7:09 of 3rd period - Stopped by Karel Vejmelka without a rebound.
7:10 of 3rd period - John Tavares wins face-off versus Derek Ryan in Kings zone.
7:28 of 3rd period - Icing by Adam Larsson.
7:29 of 3rd period - Sebastian Aho wins face-off versus Cole Sillinger in Flames zone.
7:31 of 3rd period - Icing by John Tavares.
7:32 of 3rd period - Derek Ryan wins face-off versus Sebastian Aho in Flames zone.
7:58 of 3rd period - Ilya Mikheyev is hit by Adam Larsson and loses puck.
8:09 of 3rd period - Shot by Brandon Saad.
8:09 of 3rd period - Shot Blocked by Sebastian Aho.
8:11 of 3rd period - Shot by David Savard.
8:11 of 3rd period - Stopped by Antti Raanta without a rebound.
8:12 of 3rd period - Jason Dickinson wins face-off versus Jordan Kyrou in Flames zone.
8:23 of 3rd period - Shot by Steven Stamkos.
8:23 of 3rd period - Shot Blocked by Josh Manson.
8:25 of 3rd period - Shot by Jared Spurgeon.
8:25 of 3rd period - Stopped by Karel Vejmelka without a rebound.
8:26 of 3rd period - Evander Kane wins face-off versus Jordan Staal in Kings zone.
8:33 of 3rd period - Shot by Rasmus Ristolainen.
8:33 of 3rd period - Shot Misses the Net.
8:35 of 3rd period - Shot by Mike Reilly.
8:35 of 3rd period - Shot Misses the Net.
8:37 of 3rd period - Shot by Jeff Carter.
8:37 of 3rd period - Stopped by Antti Raanta with a rebound.
8:39 of 3rd period - Shot by Rasmus Ristolainen.
8:39 of 3rd period - Deflect By Andrew Mangiapane.
8:39 of 3rd period - Goal by Andrew Mangiapane - Flames : 5 - Kings : 6.
8:40 of 3rd period - Sebastian Aho wins face-off versus Victor Olofsson in neutral zone.
8:40 of 3rd period - John Tavares is hit by Conor Sheary and loses puck.
9:02 of 3rd period - Jared Spurgeon is hit by Mattias Ekholm and loses puck.
9:09 of 3rd period - Shot by Alex Ovechkin.
9:09 of 3rd period - Stopped by Karel Vejmelka without a rebound.
9:10 of 3rd period - Jordan Kyrou wins face-off versus Derek Ryan in Kings zone.
9:22 of 3rd period - Shot by Jordan Kyrou.
9:22 of 3rd period - Shot Misses the Net.
9:52 of 3rd period - Shot by Brandon Saad.
9:52 of 3rd period - Stopped by Antti Raanta without a rebound.
9:53 of 3rd period - Sebastian Aho wins face-off versus Jason Dickinson in Flames zone.
9:53 of 3rd period - Josh Morrissey is hit by Conor Sheary and loses puck.
10:00 of 3rd period - Shot by Victor Olofsson.
10:00 of 3rd period - Shot Blocked by Jared Spurgeon.
10:20 of 3rd period - Shot by Conor Sheary.
10:20 of 3rd period - Shot Blocked by Jared Spurgeon.
10:29 of 3rd period - Minor Penalty to Mattias Ekholm for Tripping.
10:29 of 3rd period - Minor Penalty to Alex Ovechkin for Roughing.
10:30 of 3rd period - Sean Kuraly wins face-off versus Jason Dickinson in Kings zone.
10:39 of 3rd period - Shot by Jason Dickinson.
10:39 of 3rd period - Shot Misses the Net.
11:37 of 3rd period - Evander Kane is hit by Josh Morrissey.
11:49 of 3rd period - Shot by Jordan Kyrou.
11:49 of 3rd period - Stopped by Karel Vejmelka without a rebound.
11:50 of 3rd period - Jordan Staal wins face-off versus Jason Dickinson in Kings zone.
12:03 of 3rd period - Shot by Jordan Kyrou.
12:03 of 3rd period - Stopped by Karel Vejmelka without a rebound.
12:04 of 3rd period - Kirill Marchenko wins face-off versus Jordan Staal in Kings zone.
12:43 of 3rd period - Shot by Sebastian Aho.
12:43 of 3rd period - Stopped by Karel Vejmelka without a rebound.
12:44 of 3rd period - Steven Stamkos wins face-off versus Cole Sillinger in Kings zone.
13:09 of 3rd period - Shot by Alex Ovechkin.
13:09 of 3rd period - Shot Misses the Net.
13:15 of 3rd period - Shot by Alex Ovechkin.
13:15 of 3rd period - Deflect By Steven Stamkos.
13:15 of 3rd period - Stopped by Karel Vejmelka with a rebound.
13:21 of 3rd period - Shot by Jakub Vrana.
13:21 of 3rd period - Deflect By Alex Ovechkin.
13:21 of 3rd period - Shot Misses the Net.
13:23 of 3rd period - Shot by Steven Stamkos.
13:23 of 3rd period - Stopped by Karel Vejmelka without a rebound.
13:24 of 3rd period - Jordan Staal wins face-off versus Jason Dickinson in Kings zone.
13:33 of 3rd period - Shot by Lawson Crouse.
13:33 of 3rd period - Shot Misses the Net.
13:37 of 3rd period - Shot by Lawson Crouse.
13:37 of 3rd period - Shot Misses the Net.
13:39 of 3rd period - Shot by Jordan Eberle.
13:39 of 3rd period - Shot Misses the Net.
14:27 of 3rd period - Icing by Alex DeBrincat.
14:28 of 3rd period - Jeff Carter wins face-off versus Jordan Kyrou in Flames zone.
14:33 of 3rd period - Shot by Evander Kane.
14:33 of 3rd period - Shot Blocked by Dmitry Orlov.
14:39 of 3rd period - Shot by Evander Kane.
14:39 of 3rd period - Stopped by Antti Raanta without a rebound.
14:40 of 3rd period - Sebastian Aho wins face-off versus Derek Ryan in Flames zone.
14:52 of 3rd period - Brandon Saad is hit by Adam Larsson and loses puck.
15:06 of 3rd period - Minor Penalty to Adam Larsson for Hooking.
15:07 of 3rd period - Jordan Staal wins face-off versus Jeff Carter in Flames zone.
15:29 of 3rd period - Icing by Evander Kane.
15:30 of 3rd period - Jordan Staal wins face-off versus Jeff Carter in Kings zone.
15:37 of 3rd period - Shot by Nick Jensen.
15:37 of 3rd period - Shot Misses the Net.
15:39 of 3rd period - Shot by Evander Kane.
15:39 of 3rd period - Shot Misses the Net.
15:41 of 3rd period - Shot by Nick Jensen.
15:41 of 3rd period - Stopped by Antti Raanta without a rebound.
15:42 of 3rd period - Derek Ryan wins face-off versus Jordan Staal in Flames zone.
15:57 of 3rd period - Off-side.
15:58 of 3rd period - Jeff Carter wins face-off versus Jordan Staal in neutral zone.
16:17 of 3rd period - Pierre-Edouard Bellemare is hit by Jeff Carter and loses puck.
16:24 of 3rd period - Shot by Andrew Mangiapane.
16:24 of 3rd period - Shot Blocked by Esa Lindell.
16:28 of 3rd period - Shot by Evander Kane.
16:28 of 3rd period - Stopped by Antti Raanta without a rebound.
16:29 of 3rd period - Jordan Staal wins face-off versus Derek Ryan in Flames zone.
17:20 of 3rd period - Shot by Victor Olofsson.
17:20 of 3rd period - Stopped by Antti Raanta without a rebound.
17:21 of 3rd period - Sebastian Aho wins face-off versus Jeff Carter in Flames zone.
17:30 of 3rd period - Shot by Sebastian Aho.
17:30 of 3rd period - Deflect By John Tavares.
17:30 of 3rd period - Shot Misses the Net.
17:40 of 3rd period - Shot by Jeff Carter.
17:40 of 3rd period - Stopped by Antti Raanta with a rebound.
17:56 of 3rd period - Shot by Jeff Carter.
17:56 of 3rd period - Stopped by Antti Raanta without a rebound.
17:57 of 3rd period - Jordan Kyrou wins face-off versus Jason Dickinson in Flames zone.
18:08 of 3rd period - Shot by Jordan Kyrou.
18:08 of 3rd period - Shot Misses the Net.
18:10 of 3rd period - Shot by Alex DeBrincat.
18:10 of 3rd period - Shot Misses the Net.
18:12 of 3rd period - Shot by Jared Spurgeon.
18:12 of 3rd period - Stopped by Karel Vejmelka without a rebound.
18:13 of 3rd period - Derek Ryan wins face-off versus Jordan Staal in Kings zone.
18:17 of 3rd period - Brandon Saad is hit by Adam Larsson and loses puck.
18:22 of 3rd period - Shot by Ilya Mikheyev.
18:22 of 3rd period - Shot Blocked by Esa Lindell.
18:25 of 3rd period - Icing by Lawson Crouse.
18:26 of 3rd period - Jason Dickinson wins face-off versus Jordan Staal in Flames zone.
19:01 of 3rd period - Jordan Staal is hit by Conor Sheary and loses puck.
19:17 of 3rd period - Flames, Antti Raanta is pulled from the net.
19:23 of 3rd period - Shot by Josh Morrissey.
19:23 of 3rd period - Deflect By Sebastian Aho.
19:23 of 3rd period - Shot Misses the Net.
19:25 of 3rd period - Shot by Josh Morrissey.
19:25 of 3rd period - Stopped by Karel Vejmelka without a rebound.
19:26 of 3rd period - Jeff Carter wins face-off versus Steven Stamkos in Kings zone.
Goals for this period are 0 for Flames vs 1 for Kings.
Shots for this period are 13 for Flames vs 11 for Kings.